[Event "Titled Tuesday Blitz March 28 Early 2023"]
[White "Estrada Nieto, Julian"]
[Black "Levitan, Caleb Levi"]
[WhiteFideId "5101018"]
[BlackFideId "14332620"]
[WhiteElo "2176"]
[BlackElo "1963"]
[Result "1-0"]
[Round "10"]
[TimeControl "180+2"]
[Date "2023.03.28"]
[WhiteClock "0:00:26"]
[BlackClock "0:00:02"]

1. Nf3 d5 2. c4 e6 3. d4 Nf6 4. Nc3 a6 5. cxd5 exd5 6. Bg5 Be6 7. e3 Nbd7 8. Bd3 Bd6 9. O-O c6 10. Qb1 Qc7 11. Bh4 Bg4 12. Bg3 O-O 13. e4 dxe4 14. Nxe4 Bxg3 15. hxg3 Nxe4 16. Bxe4 Nf6 17. Ne5 Be6 18. Bf3 Rad8 19. Rd1 Bd5 20. Qf5 Bxf3 21. gxf3 Qb6 22. Nc4 Qb4 23. Qc2 Nd5 24. Kg2 Rfe8 25. Rh1 g6 26. Rh4 Nf6 27. Rah1 Kg7 28. Qc1 h5 29. b3 Rd5 30. Ne3 Rxd4 31. Nf5+ gxf5 32. Qg5+ Kf8 33. Qxf6 Rxh4 34. Rxh4 Qd2 35. Rxh5 Re6 36. Rh8# 1-0


[Site "https://www.chess.com"]

[Event "Titled Tuesday Blitz March 28 Early 2023"]
[White "Kozin, Yuri"]
[Black "Bogaudinov, Rushan"]
[WhiteFideId "4129920"]
[BlackFideId "4129288"]
[WhiteElo "2486"]
[BlackElo "1949"]
[Result "0-1"]
[Round "10"]
[TimeControl "180+2"]
[Date "2023.03.28"]
[WhiteClock "0:00:15"]
[BlackClock "0:01:39"]

1. e4 c5 2. Nf3 e6 3. d4 cxd4 4. Nxd4 a6 5. Nc3 b5 6. Bd3 Bb7 7. f4 Nf6 8. Qf3 b4 9. Nce2 d5 10. e5 Ne4 11. Ng3 Qh4 12. O-O Bc5 13. Be3 Nd2 14. Bxd2 Bxd4+ 15. Kh1 Nc6 16. c3 Bc5 17. cxb4 Nxb4 18. Rac1 Qe7 19. Nh5 Nxd3 20. Qxd3 d4 21. f5 Qh4 22. Nxg7+ Kf8 23. Nxe6+ fxe6 24. fxe6+ Ke8 25. Rxc5 Rg8 26. Rg1 Qf2 27. Qh3 Rxg2 0-1


[Site "https://www.chess.com"]

[Event "Titled Tuesday Blitz March 28 Early 2023"]
[White "Tanmay Jain"]
[Black "Estremera Panos, Sergio"]
[WhiteFideId "45015481"]
[BlackFideId "2200864"]
[WhiteElo "2032"]
[BlackElo "2253"]
[Result "1-0"]
[Round "10"]
[TimeControl "180+2"]
[Date "2023.03.28"]
[WhiteClock "0:00:17"]
[BlackClock "0:00:32"]

1. e4 c5 2. Nf3 Nc6 3. d4 cxd4 4. Nxd4 e5 5. Nb3 Nf6 6. Nc3 Bb4 7. Bd3 d5 8. exd5 Nxd5 9. Bd2 Nxc3 10. bxc3 Bd6 11. O-O O-O 12. Qh5 f5 13. f4 g6 14. Qh6 Be6 15. fxe5 Nxe5 16. Rae1 Qf6 17. Nd4 Bd5 18. Bg5 Qg7 19. Qh4 Bc5 20. Bh6 Qc7 21. Bxf8 Rxf8 22. Qf4 Bd6 23. Qd2 Ng4 24. h3 Bh2+ 25. Kh1 Qg3 26. Nf3 Qd6 27. hxg4 fxg4 28. Nxh2 Rxf1+ 29. Rxf1 g3 30. Bc4 Bxc4 31. Qxd6 Bxf1 32. Qxg3 1-0


[Site "https://www.chess.com"]

[Event "Titled Tuesday Blitz March 28 Early 2023"]
[White "Pasti, Aron"]
[Black "Schut, Han"]
[WhiteFideId "785857"]
[BlackFideId "1005561"]
[WhiteElo "2173"]
[BlackElo "2024"]
[Result "0-1"]
[Round "10"]
[TimeControl "180+2"]
[Date "2023.03.28"]
[WhiteClock "0:01:37"]
[BlackClock "0:00:59"]

1. e4 c5 2. d4 cxd4 3. c3 g6 4. cxd4 d5 5. exd5 Nf6 6. Nc3 Nxd5 7. Bc4 Nb6 8. Bb3 Bg7 9. Nf3 O-O 10. Bf4 Bg4 11. O-O Nc6 12. d5 Nd4 13. Re1 Bxf3 14. gxf3 Nxb3 15. axb3 Bxc3 16. bxc3 Qxd5 17. Rxe7 Qf5 18. Bg3 Rad8 19. Qe2 Nd5 20. Rxb7 Nxc3 21. Qe1 Qxf3 22. Re7 Rd3 23. Re3 Rxe3 24. Qxe3 Ne2+ 25. Kf1 Nxg3+ 26. hxg3 Qh1+ 27. Ke2 Qxa1 0-1


[Site "https://www.chess.com"]

[Event "Titled Tuesday Blitz March 28 Early 2023"]
[White "babbilator"]
[Black "Rios Escobar, Adan"]
[BlackFideId "3403645"]
[WhiteElo "2245"]
[BlackElo "2405"]
[Result "0-1"]
[Round "10"]
[TimeControl "180+2"]
[Date "2023.03.28"]
[WhiteClock "0:00:02"]
[BlackClock "0:00:05"]

1. e4 c5 2. Nc3 d6 3. Nf3 Nf6 4. d4 cxd4 5. Nxd4 a6 6. f4 e5 7. Nf3 Qc7 8. a4 Be7 9. Bd3 O-O 10. O-O Nc6 11. Qe1 Nb4 12. fxe5 dxe5 13. Qg3 Bd6 14. Nh4 Ne8 15. Bd2 Kh8 16. Rf3 Nxd3 17. cxd3 Qb6+ 18. Kh1 Qxb2 19. Rd1 Be6 20. Nf5 Bxf5 21. Rxf5 Rc8 22. Qe1 Qc2 23. Nd5 Qxd3 24. Bg5 Qb3 25. h3 Qxa4 26. Qe2 Rc4 27. Re1 Qc6 28. Qf3 b5 29. Rxf7 Nf6 30. Bxf6 Rxf7 31. Bxg7+ Kxg7 32. Qg4+ Kf8 33. Qg5 Rc2 34. Qh6+ Ke8 35. Qe6+ Be7 0-1


[Site "https://www.chess.com"]

[Event "Titled Tuesday Blitz March 28 Early 2023"]
[White "Adithya A Chullikkad"]
[Black "Toktomushev, Teimur"]
[WhiteFideId "45078734"]
[BlackFideId "14176726"]
[WhiteElo "1984"]
[BlackElo "2116"]
[Result "0-1"]
[Round "10"]
[TimeControl "180+2"]
[Date "2023.03.28"]
[WhiteClock "0:00:16"]
[BlackClock "0:00:04"]

1. d4 d5 2. Bf4 Nf6 3. c3 c5 4. e3 Nc6 5. Nd2 Bf5 6. Ngf3 e6 7. Nb3 c4 8. Nbd2 Be7 9. Be2 O-O 10. O-O h6 11. h3 b5 12. a4 b4 13. Ne5 Qb6 14. a5 Qa6 15. Qa4 Rfc8 16. Nxc6 Rxc6 17. cxb4 Qb7 18. b5 Rcc8 19. Nb1 Ne4 20. Nc3 Nd2 21. f3 Nxf1 22. Bxf1 Bd3 23. Bxd3 cxd3 24. Qd1 Bb4 25. Qxd3 Rc4 26. Bg3 Bxc3 27. bxc3 Qxb5 28. Rb1 Qxa5 29. Kh2 Qxc3 30. Qd1 Qc2 31. Qg1 Ra4 32. Rc1 Qb2 33. Rb1 Qd2 34. Rf1 Ra2 35. Rf2 Qa5 36. Rf1 Rc8 37. Bf2 Rcc2 38. Be1 Qb5 39. Bg3 Rxg2+ 40. Qxg2 Rxg2+ 41. Kxg2 Qe2+ 42. Rf2 Qxe3 43. Ra2 Qxd4 44. Rf2 a5 45. Ra2 Qb4 46. Bf2 a4 47. Rc2 Qb3 48. Rc8+ Kh7 49. Ra8 a3 50. Bd4 a2 51. Kg3 Qb1 52. Kf4 Qf5+ 53. Kg3 Qg5+ 54. Kf2 Qd2+ 0-1


[Site "https://www.chess.com"]

[Event "Titled Tuesday Blitz March 28 Early 2023"]
[White "Quirke, Jeffrey"]
[Black "Seletsky, Grigory"]
[WhiteFideId "2013029"]
[BlackFideId "14112191"]
[WhiteElo "2233"]
[BlackElo "2490"]
[Result "0-1"]
[Round "10"]
[TimeControl "180+2"]
[Date "2023.03.28"]
[WhiteClock "0:00:49"]
[BlackClock "0:01:50"]

1. e4 c5 2. Nc3 e6 3. Nge2 a6 4. g3 b5 5. Bg2 Bb7 6. d3 d6 7. O-O Nd7 8. f4 Qc7 9. f5 e5 10. a4 b4 11. Nd5 Bxd5 12. exd5 Be7 13. g4 h6 14. Ng3 Bh4 15. Nh5 Kf8 16. c4 Ngf6 17. Nxf6 Nxf6 18. h3 a5 19. Be3 Re8 20. Be4 Ke7 21. Bf2 Bxf2+ 22. Kxf2 Kd8 23. b3 Qe7 24. Ke3 Nxe4 25. dxe4 Qh4 26. Qf3 h5 27. Rg1 hxg4 28. Rxg4 Qxh3 29. Rxg7 Qh6+ 0-1


[Site "https://www.chess.com"]

[Event "Titled Tuesday Blitz March 28 Early 2023"]
[White "Avazkhonov, Alikhon"]
[Black "salgadoLO"]
[WhiteFideId "14208504"]
[WhiteElo "1739"]
[BlackElo "2218"]
[Result "1-0"]
[Round "10"]
[TimeControl "180+2"]
[Date "2023.03.28"]
[WhiteClock "0:00:04"]
[BlackClock "0:00:01"]

1. d4 d5 2. c4 e6 3. Nc3 a6 4. cxd5 exd5 5. Bf4 Nf6 6. Nf3 Bd6 7. Bxd6 Qxd6 8. e3 Bf5 9. Qb3 b6 10. Qa4+ Qd7 11. Bb5 c6 12. Be2 O-O 13. O-O Qd6 14. Ne5 Bd7 15. Rac1 c5 16. Qa3 Nc6 17. Nxc6 Bxc6 18. dxc5 Qxc5 19. Qxc5 bxc5 20. Nb1 c4 21. b3 Bb5 22. bxc4 dxc4 23. Bxc4 Rfd8 24. Na3 Ne4 25. Rfd1 Nd2 26. Bxb5 axb5 27. Nxb5 Rxa2 28. Nd4 Ne4 29. f3 Nf6 30. e4 Rb8 31. Nf5 g6 32. Ne3 Nh5 33. Re1 Nf4 34. h4 Ne2+ 35. Kh2 Nxc1 36. Rxc1 Kg7 37. Rc3 Rbb2 38. Kh3 h5 39. g4 hxg4+ 40. fxg4 Ra1 41. Kg3 Rg1+ 42. Kf4 Rf2+ 43. Ke5 Re1 44. Nd5 Rfe2 45. Nf6 Rf2 46. g5 Ra2 47. Rc8 Ra5+ 48. Kd4 1-0


[Site "https://www.chess.com"]

[Event "Titled Tuesday Blitz March 28 Early 2023"]
[White "Fabris, Alberto"]
[Black "Fernandez Siles, Luis"]
[WhiteFideId "801348"]
[BlackFideId "2209420"]
[WhiteElo "2207"]
[BlackElo "2186"]
[Result "1-0"]
[Round "10"]
[TimeControl "180+2"]
[Date "2023.03.28"]
[WhiteClock "0:00:29"]
[BlackClock "0:00:19"]

1. e4 c5 2. Nf3 Nc6 3. Bb5 g6 4. O-O Bg7 5. Re1 Nf6 6. d3 O-O 7. Bxc6 dxc6 8. h3 Nd7 9. Nbd2 e5 10. Nc4 Qe7 11. Be3 b6 12. a4 a5 13. c3 Ba6 14. Qe2 Bxc4 15. dxc4 Rfd8 16. Red1 Nf8 17. Rxd8 Rxd8 18. Rd1 Ne6 19. Rxd8+ Qxd8 20. Qd2 Qc7 21. g3 f6 22. Ne1 Kf7 23. Kg2 Ke7 24. Nc2 h5 25. Qd3 Qd7 26. Qxd7+ Kxd7 27. Kf3 Bf8 28. b3 Nc7 29. Ne1 b5 30. Nd3 bxc4 31. bxc4 Ne6 32. Ke2 Be7 33. h4 Bd6 34. f3 f5 35. Bf2 fxe4 36. fxe4 g5 37. Be3 gxh4 38. gxh4 Be7 39. Nxe5+ Kd6 40. Nf7+ Kd7 41. Ng5 Nf8 42. Nf3 Ng6 43. Bg5 Bf8 44. Ke3 Bg7 45. Kd3 Ke6 46. Bd8 Be5 47. Bxa5 Bg3 48. Bb6 Nxh4 49. Nxh4 Bxh4 50. a5 Bf2 51. a6 h4 52. a7 h3 53. a8=Q h2 54. Qg8+ 1-0


[Site "https://www.chess.com"]

[Event "Titled Tuesday Blitz March 28 Early 2023"]
[White "Jiganchine, Roman"]
[Black "Sankalan Shah"]
[WhiteFideId "2603667"]
[BlackFideId "25600362"]
[WhiteElo "2334"]
[BlackElo "2118"]
[Result "0-1"]
[Round "10"]
[TimeControl "180+2"]
[Date "2023.03.28"]
[WhiteClock "0:00:01"]
[BlackClock "0:00:05"]

1. e4 e5 2. Nf3 Nc6 3. Nc3 Nf6 4. Bb5 Nd4 5. O-O Nxb5 6. Nxb5 Nxe4 7. d4 d5 8. dxe5 c6 9. c4 cxb5 10. cxd5 Bg4 11. d6 Nc5 12. Qd4 Bxf3 13. Qxc5 Bc6 14. Re1 Qb6 15. Qc3 Bd7 16. Be3 Qd8 17. f4 Rc8 18. Qb3 g6 19. e6 Bxe6 20. Bd4 Be7 21. Rxe6 fxe6 22. Bxh8 Qxd6 23. Qxb5+ Qc6 24. Qxc6+ Rxc6 25. Bc3 Kf8 26. Re1 Kf7 27. Kf2 Rc4 28. Kf3 Bd6 29. g3 b5 30. Re4 Rc7 31. a3 Rd7 32. Ke2 Bc5 33. Bb4 Bb6 34. h3 a5 35. Bc3 Rd5 36. Re5 Rxe5+ 37. Bxe5 Ke7 38. b3 Kd7 39. a4 bxa4 40. bxa4 Kc6 41. Kd3 Bf2 42. g4 h5 43. Bc3 Bb6 44. Kc4 hxg4 45. hxg4 Be3 46. Be5 Bd2 47. Kd3 Bc1 48. Kc4 Bd2 49. Kd3 Be1 50. Kc4 Bb4 51. Kd3 Be1 52. Kc4 Bg3 53. Kc3 g5 54. Kc4 gxf4 55. Bd4 f3 56. g5 e5 57. g6 exd4 58. g7 f2 59. g8=Q f1=Q+ 60. Kxd4 Qf2+ 61. Kc4 Qe2+ 62. Kb3 Qd3+ 0-1


[Site "https://www.chess.com"]

[Event "Titled Tuesday Blitz March 28 Early 2023"]
[White "Novikova, Galina"]
[Black "Bongo Akanga Ndjila, Barthelemy"]
[WhiteFideId "4157095"]
[BlackFideId "10609431"]
[WhiteElo "1953"]
[BlackElo "1768"]
[Result "1-0"]
[Round "10"]
[TimeControl "180+2"]
[Date "2023.03.28"]
[WhiteClock "0:02:25"]
[BlackClock "0:01:54"]

1. e4 e6 2. Nf3 d5 3. e5 c5 4. b4 cxb4 5. a3 Nc6 6. axb4 Bxb4 7. c3 Ba5 8. d4 Bb6 9. Bd3 Nge7 10. O-O Bd7 11. Na3 h6 12. Nd2 a6 13. Qg4 g6 14. Rb1 h5 15. Qe2 Rb8 16. Nc2 Ba5 17. Bb2 Nf5 18. c4 dxc4 19. Nxc4 O-O 20. Bxf5 exf5 21. d5 Ne7 22. e6 fxe6 23. dxe6 Bb5 24. Qe5 1-0


[Site "https://www.chess.com"]

[Event "Titled Tuesday Blitz March 28 Early 2023"]
[White "Sarkar, Justin"]
[Black "Winkels, Marcel"]
[WhiteFideId "2010011"]
[BlackFideId "1003887"]
[WhiteElo "2189"]
[BlackElo "1900"]
[Result "1-0"]
[Round "10"]
[TimeControl "180+2"]
[Date "2023.03.28"]
[WhiteClock "0:01:47"]
[BlackClock "0:02:06"]

1. e4 c5 2. Nf3 d6 3. d4 cxd4 4. Nxd4 Nf6 5. Nc3 a6 6. Bd2 e5 7. Nf5 Bxf5 8. exf5 d5 9. Bg5 d4 10. Ne4 Be7 11. Bxf6 Bxf6 12. Bd3 O-O 13. O-O Nc6 14. a3 Be7 15. Qh5 f6 16. f4 Rc8 17. Rf3 exf4 18. Bc4+ Kh8 19. Qxh7+ 1-0


[Site "https://www.chess.com"]

[Event "Titled Tuesday Blitz March 28 Early 2023"]
[White "Hirneise, Jens"]
[Black "Larina, Maria"]
[WhiteFideId "24614734"]
[BlackFideId "24113182"]
[WhiteElo "2345"]
[BlackElo "1848"]
[Result "1-0"]
[Round "10"]
[TimeControl "180+2"]
[Date "2023.03.28"]
[WhiteClock "0:00:16"]
[BlackClock "0:00:08"]

1. b3 e5 2. Bb2 d6 3. d4 exd4 4. Qxd4 Nc6 5. Qd2 Nf6 6. Nc3 Be7 7. e4 O-O 8. O-O-O Re8 9. Kb1 a5 10. a4 Bf8 11. f3 Be6 12. g4 Nd7 13. g5 Nb4 14. h4 Nb6 15. h5 d5 16. exd5 N6xd5 17. Nxd5 Qxd5 18. Qc1 Qc5 19. h6 Bf5 20. Rh2 Bd6 21. Bd4 Qd5 22. Bc4 Qc6 23. Rg2 g6 24. Bc3 Be5 25. Bxe5 Rxe5 26. Qb2 Rae8 27. Rgd2 Qc5 28. f4 Bxc2+ 29. Rxc2 Nxc2 30. fxe5 Na3+ 31. Ka1 Nc2+ 32. Qxc2 Qxe5+ 33. Qb2 Qxb2+ 34. Kxb2 Kf8 35. Rf1 Re7 36. Nf3 c6 37. Kc3 b5 38. axb5 cxb5 39. Bxb5 Re3+ 40. Kb2 Re5 41. Nxe5 1-0


[Site "https://www.chess.com"]

[Event "Titled Tuesday Blitz March 28 Early 2023"]
[White "Qashashvili, Alexandre"]
[Black "Kiseleva, Arina"]
[WhiteFideId "13600842"]
[BlackFideId "4164989"]
[WhiteElo "2405"]
[BlackElo "1756"]
[Result "1-0"]
[Round "10"]
[TimeControl "180+2"]
[Date "2023.03.28"]
[WhiteClock "0:01:13"]
[BlackClock "0:00:01"]

1. e4 c6 2. d4 d5 3. Nc3 dxe4 4. Nxe4 Nf6 5. Nxf6+ exf6 6. Nf3 Bd6 7. Be3 O-O 8. h3 a5 9. Bd3 Na6 10. c3 Nc7 11. Qc2 g6 12. O-O Nd5 13. Bd2 Nf4 14. Rae1 Nxd3 15. Qxd3 b6 16. Bh6 Re8 17. Rxe8+ Qxe8 18. Re1 Qd8 19. Nd2 Bc7 20. Qe4 Bb7 21. Qe7 c5 22. dxc5 bxc5 23. Qxd8+ Rxd8 24. Re7 Rc8 25. Ne4 Bxe4 26. Rxe4 f5 27. Re7 Bd6 28. Ra7 Rb8 29. b3 c4 30. Rxa5 cxb3 31. axb3 f6 32. b4 Rc8 33. Bd2 Be5 34. Ra3 Rd8 35. Be1 Rd1 36. Kf1 Rc1 37. Ke2 f4 38. Ra8+ 1-0


[Site "https://www.chess.com"]

[Event "Titled Tuesday Blitz March 28 Early 2023"]
[White "Ramirez, Maria Eugenia"]
[Black "Bashirli, Saadat"]
[WhiteFideId "3301680"]
[BlackFideId "13429990"]
[WhiteElo "1842"]
[BlackElo "1408"]
[Result "1-0"]
[Round "10"]
[TimeControl "180+2"]
[Date "2023.03.28"]
[WhiteClock "0:00:54"]
[BlackClock "0:01:06"]

1. e4 c5 2. c3 Nf6 3. e5 Nd5 4. g3 Nc6 5. Nf3 g6 6. Bg2 Bg7 7. O-O O-O 8. Re1 d6 9. exd6 Qxd6 10. Na3 Bg4 11. h3 Bxf3 12. Bxf3 e6 13. Nc4 Qd7 14. Ne3 Nxe3 15. dxe3 Qxd1 16. Rxd1 Rad8 17. Bd2 Ne5 18. Bxb7 Nc4 19. Be1 Nxb2 20. Rxd8 Rxd8 21. Rb1 Na4 22. c4 Nb6 23. Ba6 Rd3 24. Ba5 Ra3 25. Bxb6 axb6 26. Rxb6 Rxa2 27. Rb8+ Bf8 28. Bb5 Rb2 29. Rc8 Rc2 30. Rc7 Rc1+ 31. Kg2 Rc2 32. Be8 Rxc4 33. Bxf7+ Kh8 34. Bxe6 Rc1 35. Rc8 Kg7 36. Rc7+ Kf6 37. Bd5 Be7 38. f4 Rd1 39. e4 h5 40. g4 Bd6 41. Rf7# 1-0


[Site "https://www.chess.com"]

[Event "Titled Tuesday Blitz March 28 Early 2023"]
[White "Thiel, Thomas"]
[Black "Kuchava, Ana"]
[WhiteFideId "4615964"]
[BlackFideId "13605348"]
[WhiteElo "2216"]
[BlackElo "2001"]
[Result "1/2-1/2"]
[Round "10"]
[TimeControl "180+2"]
[Date "2023.03.28"]
[WhiteClock "0:01:48"]
[BlackClock "0:02:04"]

1. e4 c5 2. Nc3 Nc6 3. Bb5 Nd4 4. Bc4 e6 5. Nge2 a6 6. d3 b5 7. Bb3 Bb7 8. O-O Nxb3 9. axb3 d6 10. f4 Nf6 11. f5 Be7 12. fxe6 fxe6 13. Bg5 O-O 14. Nf4 Qd7 15. Bxf6 Bxf6 16. Qg4 Bd4+ 17. Kh1 Rf6 18. Nh5 Rg6 19. Qh3 Re8 20. Nf4 Rf6 21. Nh5 Rh6 22. Qg4 Rg6 23. Qh3 Rh6 24. Qg4 Rg6 25. Qh3 Rh6 1/2-1/2


[Site "https://www.chess.com"]

[Event "Titled Tuesday Blitz March 28 Early 2023"]
[White "Acikel, Mert"]
[Black "Rose, Felix"]
[WhiteFideId "12956465"]
[BlackFideId "5105722"]
[WhiteElo "2097"]
[BlackElo "2039"]
[Result "0-1"]
[Round "10"]
[TimeControl "180+2"]
[Date "2023.03.28"]
[WhiteClock "0:00:15"]
[BlackClock "0:00:09"]

1. e4 e5 2. Nf3 Nc6 3. Bc4 Nf6 4. d3 Bc5 5. c3 d6 6. O-O O-O 7. Re1 a5 8. Bb3 Ba7 9. h3 Be6 10. Nbd2 Ne7 11. d4 Ng6 12. Nf1 Re8 13. Ng3 Bxb3 14. axb3 c6 15. Qd3 Qb6 16. Nf5 Rad8 17. Bg5 Qxb3 18. Rxa5 Bb6 19. Raa1 Qe6 20. Nd2 h6 21. Nc4 Bc7 22. Bxf6 Qxf6 23. Ra7 Rb8 24. Qf3 Kh7 25. b4 exd4 26. cxd4 d5 27. e5 Qg5 28. Nce3 Nh4 29. Nxh4 Qxh4 30. Qxf7 Rf8 31. Nf5 Qxf2+ 32. Kxf2 Rxf7 33. g4 g6 34. e6 Rf6 35. e7 Re8 36. Rxb7 Bd6 0-1


[Site "https://www.chess.com"]

[Event "Titled Tuesday Blitz March 28 Early 2023"]
[White "Gronnestad, Anita"]
[Black "Kornyukov, Alexey"]
[WhiteFideId "1502972"]
[BlackFideId "4150457"]
[WhiteElo "1939"]
[BlackElo "2352"]
[Result "1-0"]
[Round "10"]
[TimeControl "180+2"]
[Date "2023.03.28"]
[WhiteClock "0:00:48"]
[BlackClock "0:00:58"]

1. d4 d5 2. c4 e6 3. Nf3 Nf6 4. Nc3 Be7 5. Bg5 O-O 6. e3 h6 7. Bh4 c5 8. cxd5 Nxd5 9. Bxe7 Qxe7 10. Bd3 Nxc3 11. bxc3 Nc6 12. O-O Rd8 13. Qc2 cxd4 14. exd4 b6 15. Be4 Bb7 16. Bxc6 Bxc6 17. Ne5 Bd5 18. f4 Rac8 19. f5 Qg5 20. fxe6 Bxe6 21. Rf2 Rxd4 22. cxd4 Rxc2 23. Rxc2 Qe3+ 24. Kh1 Qxd4 25. Re1 Bd5 26. Rce2 f6 27. Ng6 Kh7 28. Ne7 Bf7 29. Nf5 Qf4 30. Ng3 a5 31. Re7 Bd5 32. Rxg7+ Kh8 33. Re8+ Kxg7 34. Nh5+ 1-0


[Site "https://www.chess.com"]

[Event "Titled Tuesday Blitz March 28 Early 2023"]
[White "Floresvillar Gonzalez, Luis Migu"]
[Black "Tarnowska, Aleksandra"]
[WhiteFideId "5100542"]
[BlackFideId "1180967"]
[WhiteElo "2040"]
[BlackElo "1776"]
[Result "1-0"]
[Round "10"]
[TimeControl "180+2"]
[Date "2023.03.28"]
[WhiteClock "0:00:17"]
[BlackClock "0:00:01"]

1. d4 d5 2. c3 Nf6 3. Bg5 e6 4. Nd2 Be7 5. e3 h6 6. Bh4 O-O 7. Bd3 c5 8. Ngf3 b6 9. Qe2 Bb7 10. Ne5 Nbd7 11. f4 Ne4 12. Bxe7 Qxe7 13. O-O Ndf6 14. Rf3 a5 15. Raf1 a4 16. a3 Rfd8 17. Rh3 Nxd2 18. Qxd2 Ba6 19. Rff3 Bxd3 20. Qxd3 Rdc8 21. f5 cxd4 22. exd4 Rc7 23. fxe6 Qxe6 24. Rh4 Ne4 25. Rhf4 f6 26. Ng6 Re8 27. h3 Ng5 28. Rg3 Qe1+ 29. Kh2 Re2 30. Qb5 Rc8 31. Qd7 Ra8 32. Nh4 Qc1 33. Nf5 1-0


[Site "https://www.chess.com"]

[Event "Titled Tuesday Blitz March 28 Early 2023"]
[White "Abrosimov, Vladimir"]
[Black "dDobravcan"]
[WhiteFideId "4166892"]
[WhiteElo "2336"]
[BlackElo "2144"]
[Result "0-1"]
[Round "10"]
[TimeControl "180+2"]
[Date "2023.03.28"]
[WhiteClock "0:00:42"]
[BlackClock "0:00:46"]

1. c4 d6 2. Nc3 e5 3. g3 f5 4. Bg2 Nf6 5. d3 Be7 6. e4 O-O 7. Nge2 c6 8. O-O Qe8 9. f4 Qh5 10. h3 fxe4 11. Nxe4 Nxe4 12. dxe4 Bxh3 13. f5 Nd7 14. Nc3 Bg4 15. Bf3 Nf6 16. Bxg4 Nxg4 17. Rf2 Qh1+ 18. Kxh1 Nxf2+ 19. Kg2 Nxd1 20. Nxd1 d5 21. cxd5 cxd5 22. exd5 Rad8 23. Ne3 Bc5 24. a3 Bxe3 25. Bxe3 Rxd5 26. Bxa7 Rd2+ 27. Kf3 Rxb2 28. Ke4 Re2+ 29. Kd3 Rg2 30. Ke4 Rxg3 31. Kxe5 Rf3 32. Rb1 R3xf5+ 33. Ke4 R5f7 34. Ke5 Re8+ 35. Kd6 h5 36. Bb6 g6 37. Bc7 Kh7 38. Rxb7 Ree7 39. a4 Rd7+ 40. Kc6 Rd1 41. a5 Rf6+ 42. Kc5 Rc1+ 43. Kd5 Rf5+ 44. Be5+ Kh6 45. a6 Rd1+ 46. Ke6 Re1 47. Rb5 Rfxe5+ 48. Rxe5 Ra1 49. Kf7 Rxa6 50. Rb5 h4 51. Rb4 g5 52. Rb8 g4 53. Rh8+ Kg5 54. Rg8+ Kf4 55. Rb8 h3 56. Rb4+ Kg5 57. Rb5+ Kh4 58. Rb2 g3 59. Rb4+ Kg5 60. Rb5+ Kf4 61. Rb4+ Ke5 62. Rb5+ Kd4 63. Rb4+ Kc3 64. Rh4 h2 65. Rh3 Kd4 66. Rxg3 h1=Q 67. Rg4+ Qe4 68. Rxe4+ Kxe4 69. Ke7 Ke5 70. Kd7 Rh6 71. Kc7 Kd5 72. Kd7 Rh7+ 73. Ke8 Ra7 74. Kf8 Ke6 75. Kg8 Kf6 76. Kh8 Kg6 77. Kg8 Ra8# 0-1


[Site "https://www.chess.com"]

[Event "Titled Tuesday Blitz March 28 Early 2023"]
[White "Chemin, Justo Reinaldo"]
[Black "Vemparala, Nikash"]
[WhiteFideId "2101580"]
[BlackFideId "30960967"]
[WhiteElo "1940"]
[BlackElo "2023"]
[Result "0-1"]
[Round "10"]
[TimeControl "180+2"]
[Date "2023.03.28"]
[WhiteClock "0:00:01"]
[BlackClock "0:00:29"]

1. e4 e5 2. Nf3 Nc6 3. Bb5 Nf6 4. d3 Bc5 5. O-O Nd4 6. Nxd4 Bxd4 7. c3 Bb6 8. Nd2 c6 9. Ba4 O-O 10. Nc4 Bc7 11. Bb3 d5 12. exd5 cxd5 13. Ne3 Be6 14. d4 e4 15. f4 exf3 16. Qxf3 Qe8 17. Nxd5 Nxd5 18. Bxd5 Bxd5 19. Qxd5 Rd8 20. Qxb7 Qd7 21. Qf3 Rfe8 22. Bf4 Bxf4 23. Qxf4 Qb5 24. Qxf7+ Kh8 25. Qf2 h6 26. Rae1 Rf8 27. Qxf8+ Rxf8 28. Rxf8+ Kh7 29. Rf2 Qa6 30. a3 Qb5 31. h3 Qb3 32. Re5 Qd1+ 33. Kh2 Qb3 34. Re7 Kg6 35. Rff7 Qxb2 36. Rxg7+ Kf6 37. d5 Qb8+ 38. Kg1 Qb1+ 39. Kh2 Qb8+ 40. Rc7 Qb5 41. Rgf7+ Kg6 42. c4 Qb2 43. Rg7+ Kh5 44. Rg4 Qe5+ 45. Rg3 Qxc7 46. h4 Kxh4 47. d6 Qxd6 0-1


[Site "https://www.chess.com"]

[Event "Titled Tuesday Blitz March 28 Early 2023"]
[White "Kriti Mayur Patel"]
[Black "Georg, Heinz"]
[WhiteFideId "35061780"]
[BlackFideId "4607295"]
[WhiteElo "1306"]
[BlackElo "2223"]
[Result "0-1"]
[Round "10"]
[TimeControl "180+2"]
[Date "2023.03.28"]
[WhiteClock "0:00:52"]
[BlackClock "0:02:22"]

1. e4 e5 2. Nf3 Nc6 3. Bc4 Nf6 4. d3 d5 5. exd5 Nxd5 6. Nbd2 Be7 7. Ne4 O-O 8. O-O f5 9. Ng3 Kh8 10. Re1 f4 11. Ne4 Bg4 12. h3 Bxf3 13. Qxf3 Nd4 14. Qd1 f3 15. c3 Ne2+ 16. Kh2 Ndf4 17. gxf3 Qd7 18. Bxf4 Nxf4 19. Kg1 Qxh3 20. Ng5 Qg2# 0-1


[Site "https://www.chess.com"]

[Event "Titled Tuesday Blitz March 28 Early 2023"]
[White "Sanchez, German"]
[Black "rionelG"]
[WhiteFideId "4403959"]
[WhiteElo "1816"]
[BlackElo "2220"]
[Result "0-1"]
[Round "10"]
[TimeControl "180+2"]
[Date "2023.03.28"]
[WhiteClock "0:00:01"]
[BlackClock "0:00:12"]

1. e4 c5 2. d4 cxd4 3. c3 dxc3 4. Nxc3 d6 5. Nf3 Nc6 6. Bc4 a6 7. O-O Nf6 8. Bg5 e6 9. e5 dxe5 10. Qxd8+ Nxd8 11. Nxe5 Be7 12. Rfd1 Nd7 13. Bf4 Nxe5 14. Bxe5 O-O 15. Ne4 Nc6 16. Bg3 Rd8 17. Bc7 Rxd1+ 18. Rxd1 b5 19. Bb3 Bb7 20. Rd7 Bf6 21. Nxf6+ gxf6 22. Bf4 Na5 23. Bh6 Nxb3 24. Rxb7 Nd4 25. Rc7 Rd8 26. Be3 Nf5 27. Kf1 Nxe3+ 28. fxe3 Rd2 29. Ra7 Rxb2 30. Rxa6 f5 31. e4 fxe4 32. Ra3 f5 33. h3 Kg7 34. g4 Kf6 35. gxf5 exf5 36. h4 f4 37. h5 f3 38. h6 Kf5 39. Ra8 Kf4 40. Rf8+ Ke3 41. Kg1 Rxa2 42. Kh1 Ra1+ 43. Kh2 Ra6 44. Kg1 Rg6+ 45. Kf1 Rxh6 0-1


[Site "https://www.chess.com"]

[Event "Titled Tuesday Blitz March 28 Early 2023"]
[White "Nan, M K Khine Hlyan"]
[Black "Aanna12"]
[WhiteFideId "13002899"]
[WhiteElo "1943"]
[BlackElo "2192"]
[Result "0-1"]
[Round "10"]
[TimeControl "180+2"]
[Date "2023.03.28"]
[WhiteClock "0:00:50"]
[BlackClock "0:01:06"]

1. e4 c5 2. Nf3 d6 3. d4 cxd4 4. Nxd4 Nf6 5. Nc3 a6 6. a4 e5 7. Nb3 Be6 8. Be2 Be7 9. O-O O-O 10. Be3 d5 11. exd5 Nxd5 12. Nxd5 Bxd5 13. a5 Nc6 14. Bb6 Qd6 15. Bc5 Qe6 16. Bxe7 Nxe7 17. Nc5 Qc6 18. Nd3 Bxg2 19. Nxe5 Qe4 20. Bf3 Bxf3 21. Nxf3 Rad8 22. Qe1 Qg4+ 23. Kh1 Qxf3+ 24. Kg1 Rd4 25. h3 Qxh3 26. f3 Ng6 27. Qf2 0-1


[Site "https://www.chess.com"]

[Event "Titled Tuesday Blitz March 28 Early 2023"]
[White "Prado, Alexandra"]
[Black "Barria Santos, Jose Guilherme"]
[WhiteFideId "3301346"]
[BlackFideId "1939300"]
[WhiteElo "1759"]
[BlackElo "2301"]
[Result "0-1"]
[Round "10"]
[TimeControl "180+2"]
[Date "2023.03.28"]
[WhiteClock "0:00:08"]
[BlackClock "0:01:22"]

1. e4 c5 2. Nf3 d6 3. c3 Nf6 4. Be2 Nc6 5. d4 cxd4 6. cxd4 g6 7. d5 Ne5 8. Nxe5 dxe5 9. Nc3 Bd7 10. O-O Bg7 11. Bg5 O-O 12. Rc1 a6 13. Qd2 Ne8 14. Rfd1 Nd6 15. f4 h6 16. fxe5 hxg5 17. exd6 exd6 18. Bd3 Be5 19. Rf1 Bf4 20. Qe2 Kg7 21. Rc2 Qb6+ 22. Kh1 Rh8 23. h3 Bxh3 24. Qf2 Bd7+ 25. Kg1 Be3 26. Na4 Bxf2+ 27. Rfxf2 Qe3 0-1


[Site "https://www.chess.com"]